 Dungeon Crawl Stone Soup version 0.20-a0-507-gc86f373 (webtiles) character file.

181 ThermosAquaticus the Insei (level 5, -2/37 HPs)
             Began as a Barachian Transmuter on Jan 21, 2017.
             Slain by an ogre
             ... wielding a +0 giant club
              (10 damage)
             ... on level 3 of the Dungeon.
             The game lasted 00:09:04 (3803 turns).

ThermosAquaticus the Insei (Barachian Transmuter)   Turns: 3803, Time: 00:09:05

Health: -2/37      AC:  2    Str:  8    XL:     5   Next: 61%
Magic:  1/8        EV: 19    Int: 12    God:
Gold:   126        SH:  0    Dex: 17    Spells: 2/8 levels left

rFire    . . .     SeeInvis .     - Unarmed
rCold    . . .     Gourm    .   (armour currently unavailable)
rNeg     . . .     Faith    .   (shield currently unavailable)
rPois    x         Spirit   .   (helmet currently unavailable)
rElec    .         Reflect  .   (cloak currently unavailable)
rCorr    .         Harm     .   (gloves currently unavailable)
MR       .....                  (boots currently unavailable)
Stlth    ++........             (no amulet)
Regen    0.2/turn               (no ring)
                                (no ring)

@: spider-form (expiring), very slightly contaminated
A: swims, (slowness 0), (strong legs 0)
a: End Transformation


You were on level 3 of the Dungeon.
You were not hungry.
You were a venomous arachnid creature.
You visited 1 branch of the dungeon, and saw 3 of its levels.

You collected 126 gold pieces.

Inventory:

Missiles
 a - 45 arrows
Armour
 b - a +0 robe (melded)
 f - a +0 cloak (melded)
 k - a +0 pair of gloves (melded)
 r - a +0 scale mail
Jewellery
 s - a cursed ring of teleportation {unknown}
Scrolls
 e - a scroll of remove curse {unknown}
 g - 2 scrolls of fear
 l - a scroll of teleportation {unknown}
 m - a scroll of identify {unknown}
 n - a scroll of random uselessness {unknown}
 o - a scroll of amnesia {unknown}
Potions
 i - a potion of haste {unknown}
 j - a potion of curing
Books
 c - a book of Changes

   Spells                             Type                      Level
   a - Beastly Appendage              Transmutation                1
   b - Sticks to Snakes               Transmutation                2
   c - Spider Form                    Transmutation/Poison         3
   d - Ice Form                       Ice/Transmutation            4
   e - Blade Hands                    Transmutation                5
Comestibles
 d - 2 bread rations
 h - a meat ration
 p - a royal jelly
 q - 4 chunks of flesh


   Skills:
 - Level 1.1 Fighting
 - Level 2.0 Dodging
 + Level 5.5 Unarmed Combat
 - Level 2.0 Spellcasting
 + Level 2.6 Transmutations
 + Level 1.5 Poison Magic


You had 2 spell levels left.
You knew the following spells:

 Your Spells              Type           Power        Failure   Level  Hunger
a - Beastly Appendage     Tmut           #.....       28%         1    ##.....
b - Sticks to Snakes      Tmut           #.......     32%         2    ###....
c - Spider Form           Tmut/Pois      #.........   56%         3    ####...


Dungeon Overview and Level Annotations

Branches:
Dungeon (3/15)

Altars:
Kikubaaqudgha
Makhleb
Uskayaw


Innate Abilities, Weirdness & Mutations

You can swim through water.
((You cover ground slowly.))
((You can hop short distances.))


Message History

You create a snake!
You now have 45 arrows.
The ogre misses you.
Your ball python bites the ogre.
You barely miss the ogre.
The ogre is lightly wounded.
Your ball python bites the ogre.
You hit the ogre.
The ogre is moderately wounded.
The ogre completely misses you.
Your ball python bites the ogre.
You bite the ogre!
The ogre is heavily wounded.
Your transformation is almost over.
The ogre hits you with a giant club!!
Ouch! That really hurt!
* * * LOW HITPOINT WARNING * * *
Your ball python bites the ogre.
You hit the ogre.
The ogre is poisoned.
The ogre is heavily wounded.
Your ball python barely misses the ogre.
The ogre hits you with a giant club!
You die...

.###.....##....####
#######o)...
..##...............
............
#.####.รท#.#.#.####
#######.....
#..###..#.#.#.#####
#.o...
........#.........#
#.....
..................#
......
.......##.........####
.......
.......##..........$.#
o..($...
.......##.......sS...#
...o.....
###..#.##........O...#
$K........
.....##............#
......####.#####?...#
#. .....# #. .....#
.....# ....#


You could see an ogre and a friendly ball python.

Vanquished Creatures
  An orc priest (D:3)
  An orc wizard (D:3)
  4 adders
  A worm (D:2)
  A dart slug (D:1)
  5 orcs
  11 bats
  2 giant cockroaches
  7 goblins
  3 hobgoblins
  6 kobolds
  3 quokkas
  A ball python (D:1)
  A frilled lizard (D:2)
  9 rats
56 creatures vanquished.

Vanquished Creatures (collateral kills)
  Crazy Yiuf (D:2)
  2 worms (D:2)
3 creatures vanquished.

Grand Total: 59 creatures vanquished

Notes
Turn   | Place    | Note
-------+----------+-------------------------------------------
     0 | D:1      | ThermosAquaticus the Barachian Transmuter began the quest for the Orb.
     0 | D:1      | Reached XP level 1. HP: 15/15 MP: 3/3
   334 | D:1      | Reached XP level 2. HP: 20/21 MP: 5/5
   341 | D:1      | Learned a level 2 spell: Sticks to Snakes
   980 | D:1      | Reached skill level 4 in Unarmed Combat
  1356 | D:2      | Reached XP level 3. HP: 19/26 MP: 6/6
  1474 | D:2      | Found a hide-covered altar of Uskayaw.
  1554 | D:2      | Found a runed door.
  2054 | D:2      | Found an ancient bone altar of Kikubaaqudgha.
  2111 | D:2      | Reached XP level 4. HP: 24/32 MP: 1/7
  2451 | D:2      | Found a burning altar of Makhleb.
  2566 | D:2      | Noticed Crazy Yiuf
  2581 | D:2      | Killed Crazy Yiuf
  2581 | D:2      | Reached skill level 5 in Unarmed Combat
  2929 | D:2      | Learned a level 3 spell: Spider Form
  3304 | D:3      | Reached XP level 5. HP: 14/37 MP: 8/8
  3307 | D:3      | Reached skill level 1 in Poison Magic
  3795 | D:3      | Noticed an ogre
  3803 | D:3      | Slain by an ogre

Vault maps used:
D:1:      dpeg_arrival_arbitrary_a
D:2:      marbit_many_paths, lemuel_doored_altar, lemuel_coloured_pillars_altar,
          first_bread, minmay_misc_feat_four_crosses, uniq_crazy_yiuf_cottage

Skill      XL: |  1  2  3  4  5 |
---------------+----------------+-----
Unarmed Combat | 4 5 |  5.5
Poison Magic   | 1 |  1.5
Fighting       | |  1.1
Dodging        | |  2.0
Spellcasting   | |  2.0
Transmutations | |  2.6

Action                   |  1- 3 |  4- 6 || total
-------------------------+-------+-------++-------
Melee: Unarmed           |   137 |   110 ||   247
       Headbutt          |     3 |     4 ||     7
       Kick              |     3 |       ||     3
       Punch             |     2 |     1 ||     3
 Cast: Beastly Appendage |     4 |     3 ||     7
       Sticks to Snakes  |     3 |     4 ||     7
       Spider Form       |       |     1 ||     1
 Abil: Hop               |       |     2 ||     2
  Use: Potion            |       |     3 ||     3
       Scroll            |       |     1 ||     1
 Stab: Distracted        |       |     1 ||     1
       Sleeping          |       |     1 ||     1
  Eat: Chunk             |     4 |     7 ||    11
Armor: Robe              |    41 |    25 ||    66
Dodge: Dodged            |   101 |    65 ||   166
